 Dungeon Crawl Stone Soup version 0.28.0-1-gb440e238dd (webtiles) character file.

Game seed: 3268559730131270835

9 styxcanada the Stinger (level 2, -1/15 HPs)
             Began as a Deep Elf Venom Mage on Feb 27, 2022.
             Slain by a gnoll (8 damage)
             ... on level 1 of the Dungeon.
             The game lasted 00:01:55 (322 turns).

styxcanada the Stinger (Deep Elf Venom Mage)         Turns: 322, Time: 00:01:56

Health: -1/15      AC:  2    Str:  5    XL:     2   Next: 6%
Magic:  8/8        EV: 12    Int: 19    God:
Gold:   20         SH:  3    Dex: 15    Spells: 6/7 levels left

rFire   . . .      SeeInvis .   e - +0 short sword (speed)
rCold   . . .      Faith    .   b - +0 buckler
rNeg    . . .      Spirit   .   a - +0 robe
rPois   .          Reflect  .   (no helmet)
rElec   .          Harm     .   (no cloak)
rCorr   .          Rampage  .   (no gloves)
Will    .....                   (no boots)
Stlth   ++........              (no amulet)
HPRegen 0.05/turn               (no ring)
MPRegen 0.11/turn               (no ring)

@: no status effects
A: no striking features
a: no special abilities


You were on level 1 of the Dungeon.
You visited 1 branch of the dungeon, and saw 1 of its levels.

You collected 20 gold pieces.

Inventory:

Hand Weapons
 d - a +0 hunting sling
 e - a +0 short sword of speed (weapon)
Missiles
 c - 5 stones
Armour
 a - a +0 robe (worn)
 b - a +0 buckler (worn)
Scrolls
 f - a scroll of vulnerability {unknown}


   Skills:
 + Level 2.5 Dodging
 * Level 2.6 Stealth
 * Level 0.3 Shields
 + Level 3.1 Spellcasting
 + Level 1.1 Transmutations
 + Level 3.5 Poison Magic


You had 6 spell levels left.
You knew the following spells:

 Your Spells              Type           Power      Damage    Failure   Level
a - Sting                 Tmut/Pois      44%        1d5       8%          1

Your spell library contained the following spells:

 Spells                   Type           Power      Damage    Failure   Level
 Poisonous Vapours        Pois/Air       18%        N/A       16%         2
 Mephitic Cloud           Conj/Pois/Air  7%         N/A       36%         3
 Olgreb's Toxic Radiance  Pois           16%        N/A       43%         4


Dungeon Overview and Level Annotations

Branches:
Dungeon (1/15)

Altars:


Message History

You kill the hobgoblin!
Casting: Sting (safe; 8% risk of failure)
Confirm with . or Enter, or press ? or * to list all spells.
Aiming: Sting (safe; 8% risk of failure)
Press: ? - help, Shift-Dir - straight line, f - rat
Aim: a rat (71% to hit)
The sting hits the rat.
The rat is poisoned.
You kill the rat!
You have reached level 2!
Casting: Sting (safe; 8% risk of failure)
Confirm with . or Enter, or press ? or * to list all spells.
Aiming: Sting (safe; 8% risk of failure)
Press: ? - help, Shift-Dir - straight line, f - hobgoblin
Aim: a hobgoblin (71% to hit)
The sting hits the hobgoblin but does no damage.
The hobgoblin is poisoned.
You kill the hobgoblin!
Things that are here:
a +0 short sword of speed; a kobold corpse
e - a +0 short sword of speed Your hands tingle!
e - a +0 short sword of speed (weapon)
There are no objects that can be picked up here. a kobold corpse You start resting.
Magic restored.
f - a scroll labelled EPUIVEA LAUL A hobgoblin and a gnoll come into view.
Found a sedimented brown potion.
Found 9 gold pieces.
A goblin comes into view. It is wielding a +0 club.
The gnoll shouts!
The goblin shouts!
You hear a shout!
The gnoll hits you with a +0 spear!
Ouch! That really hurt!
You hear a shout!
You hear a bark!
You hit the gnoll.
The gnoll is moderately wounded.
The gnoll hits you with a +0 spear!
Ouch! That really hurt!
You die...

......... ..# .#....#
##.. ...#..###...
...#..##..# #
##.....#.## # ##.
##..#....### .###..
#..#..#..##.##$#g##
####.###.##.#.gg..#.#
.... #..#...@.#...#
..... ##.###.....#
#......# #.......###
######## #####...#
#...# #...# #####


You could see a gnoll, a hobgoblin and a goblin.

Vanquished Creatures
  A giant cockroach (D:1)
  2 hobgoblins (D:1)
  3 ball pythons (D:1)
  2 kobolds (D:1)
  2 rats (D:1)
10 creatures vanquished.

Notes
Turn   | Place    | Note
-------+----------+-------------------------------------------
     0 | D:1      | styxcanada the Deep Elf Venom Mage began the quest for the
                  | Orb.
     0 | D:1      | Reached XP level 1. HP: 10/10 MP: 6/6
   218 | D:1      | Found a faded altar of an unknown god.
   232 | D:1      | Reached XP level 2. HP: 15/15 MP: 2/8
   322 | D:1      | Slain by a gnoll

Illustrated notes

Levels and vault maps discovered:
D:1:      dpeg_arrival_line_fractal, layout_rooms,
          shapermc_ecumenical_altar_ellora, minmay_misc_feat_rows, minmay_tall_x

Action                   || total
-------------------------++-------
Melee: Short sword       ||     1
 Cast: Sting             ||    14
Dodge: Dodged            ||     2
